 Dungeon Crawl Stone Soup version 0.30.0-5-g1a98f26d00 (webtiles) character file.

Game seed: 430647508561400063

178 tizbic2 the Conjurer (level 5, -5/27 HPs)
             Began as a Vine Stalker Reaver on May 10, 2023.
             Slain by an ogre
             ... wielding a +0 giant club
              (18 damage)
             ... on level 3 of the Dungeon on May 11, 2023.
             The game lasted 00:10:16 (2307 turns).

tizbic2 the Conjurer (Vine Stalker Reaver)          Turns: 2307, Time: 00:10:17

Health: -5/27      AC:  8    Str: 17    XL:     5   Next: 58%
Magic:  0/10       EV:  8    Int: 13    God:
Gold:   170        SH:  0    Dex: 12    Spells: 8/9 levels left

rFire   . . .        a - +0 whip (vamp)
rCold   . . .        (no shield)
rNeg    . . .        l - +0 chain mail
rPois   .            (no helmet)
rElec   .            (no cloak)
rCorr   .            (no gloves)
SInv    +            (no boots)
Will    .....        (no amulet) Stlth
                     p - ring of see invisible
HPRegen 1.04/turn    (no ring)
MPRegen 0.12/turn

%: guardian spirit
@: no status effects
A: fangs 2, regeneration 1, magic shield, antimagic bite, no potion heal 2
a: no special abilities


You were on level 3 of the Dungeon.
You visited 1 branch of the dungeon, and saw 3 of its levels.

You collected 170 gold pieces.

Inventory:

Hand Weapons
 a - a +0 vampiric whip (weapon)
 d - a +0 flail of protection
 h - a +0 spear
 w - a +2 heavy sling
Missiles
 e - a throwing net
 n - 7 poisoned darts
Armour
 b - a +0 leather armour
 c - a +0 ring mail
 l - a +0 chain mail (worn)
Jewellery
 j - an amulet of faith
 p - a ring of see invisible (left hand)
Scrolls
 g - 3 scrolls of teleportation
 o - a scroll of identify
 q - a scroll of amnesia {unknown}
 s - a scroll of blinking {unknown}
 t - a scroll of enchant weapon {unknown}
Potions
 f - 2 potions of lignification
 i - a potion of mutation {unknown}
 k - 2 potions of ambrosia {unknown}
 m - a potion of attraction
 r - 2 potions of heal wounds {unknown}


   Skills:
 + Level 2.7 Fighting
 * Level 1.6 Maces & Flails
 - Level 3.1 Polearms
 * Level 1.5 Ranged Weapons
 - Level 2.1 Dodging
 - Level 2.7 Spellcasting
 - Level 3.4 Conjurations


You had 8 spell levels left.
You knew the following spells:

 Your Spells              Type           Power      Damage    Failure   Level
a - Kiss of Death         Conj/Necr      24%        2d7       82%         1

Your spell library contained the following spells:

 Spells                   Type           Power      Damage    Failure   Level
 Foxfire                  Conj/Fire      24%        2x1d5     82%         1
 Momentum Strike          Conj/Tloc      12%        3d8       91%         2
 Apportation              Tloc           2%         N/A       96%         1
 Necrotise                Necr           4%         1d4       96%         1
 Summon Small Mammal      Summ           4%         N/A       96%         1
 Hailstorm                Conj/Ice       6%         3d4       99%         3
 Frozen Ramparts          Ice            2%         1d1       100%        3
 Ice Form                 Ice/Tmut       1%         N/A       100%        4
 Summon Ice Beast         Ice/Summ       1%         N/A       100%        4
 Fireball                 Conj/Fire      3%         3d4       100%        5
 Plasma Beam              Fire/Air       0%         2x1d11    100%        6
 Starburst                Conj/Fire      3%         6d3       100%        6


Dungeon Overview and Level Annotations

Branches:
Dungeon (3/15)

Altars:
Ru
Wu Jian


Innate Abilities, Weirdness & Mutations

You have extremely sharp teeth.
Your natural rate of healing is unusually fast.
When hurt, damage is shared between your health and your magic reserves.
Your bite disrupts and absorbs the magic of your enemies.
Potions cannot restore your health.


Message History

There is a stone staircase leading down here.
Found a blue potion.
Magic restored.
r - 2 blue potions (gained 1)
A hobgoblin comes into view.
Found a spear.
The hobgoblin shouts!
The hobgoblin closely misses you.
You hit the hobgoblin.
The hobgoblin is heavily wounded.
The hobgoblin hits you but does no damage. x2
You whack the hobgoblin!
You kill the hobgoblin!
g - 3 scrolls of teleportation (gained 1)
You now have 170 gold pieces (gained 14).
Things that are here:
a +0 leather armour; a hobgoblin corpse You see here a +0 spear.
An ogre comes into view. It is wielding a +0 giant club.
The ogre shouts!
There is an open door here.
You hit the ogre but do no damage. The ogre hits you with a +0 giant club!
You hit the ogre but do no damage. You hit the ogre.
The ogre is lightly wounded.
The ogre barely misses you.
You hit the ogre.
You feel better.
The ogre is moderately wounded.
The ogre completely misses you.
You barely miss the ogre.
The ogre is moderately wounded.
You hit the ogre.
You feel better.
You bite the ogre! You drain its power.
You feel invigorated.
The ogre is heavily wounded.
The ogre hits you with a +0 giant club!!
You hit the ogre but do no damage.
The ogre is heavily wounded.
The ogre hits you with a +0 giant club!!
Ouch! That really hurt!
You die...

#.#[...........†....#....#
#.###.........#.#...#..###
#.# ########.........†....
#.####...# ##########..#.#
#.#......# .. #..#.#
#.#......# #.#.##.#
#.#..)##'## #......#
#.#...#...# ####..##
#.[...#..@# #.....#..#
#######..O# #####.##..
#.... #. ### ##...# #.
#.... #. ##.... .. ##....
#### #... .... ####


You could see an ogre.

Vanquished Creatures
  Natasha (thrice) (D:2)
  A gnoll (D:1)
  3 adders
  A dart slug (D:1)
  2 orcs (D:3)
  7 bats
  3 endoplasms
  2 giant cockroaches (D:1)
  6 goblins
  6 hobgoblins
  3 jackals (D:3)
  6 kobolds
  5 quokkas
  5 ball pythons
  2 frilled lizards (D:1)
  8 rats
63 creatures vanquished.

Notes
Turn   | Place    | Note
-------+----------+-------------------------------------------
     0 | D:1      | tizbic2 the Vine Stalker Reaver began the quest for the
                  | Orb.
     0 | D:1      | Reached XP level 1. HP: 11/11 MP: 4/4
   117 | D:1      | Reached XP level 2. HP: 15/15 MP: 6/6
   452 | D:1      | Reached XP level 3. HP: 16/18 MP: 7/7
  1068 | D:2      | Identified a scroll of acquirement
  1074 | D:2      | Noticed Natasha
  1082 | D:2      | Killed Natasha
  1083 | D:2      | Gained mutation: Your natural rate of healing is unusually
                  | fast. [Vine Stalker growth]
  1083 | D:2      | Reached XP level 4. HP: 20/23 MP: 5/9
  1143 | D:2      | Acquired a +2 heavy sling
  1222 | D:2      | Found a sacrificial altar of Ru.
  1240 | D:2      | Noticed Natasha
  1254 | D:2      | Killed Natasha
  1348 | D:2      | Found a faded altar of an unknown god.
  1379 | D:2      | Noticed Natasha
  1384 | D:2      | Killed Natasha
  1385 | D:2      | Reached skill level 1 in Maces & Flails
  1385 | D:2      | Reached skill level 1 in Ranged Weapons
  1385 | D:2      | Reached XP level 5. HP: 27/27 MP: 7/10
  2117 | D:3      | Found an ornate altar of the Wu Jian Council.
  2297 | D:3      | Noticed an ogre
  2307 | D:3      | Slain by an ogre

Illustrated notes

Levels and vault maps discovered:
D:1:      dpeg_arrival_ternary, layout_basic, chequers_decorated_corner,
          corner_web_ring, kennysheep_nondescript, feat_on_display
D:2:      layout_loops_corners, basic_altar, basic_ecumenical_altar,
          uniq_natasha
D:3:      layout_basic, yredelemnul_altar_generic, marbit_many_paths,
          lightli_corner_chamber

Skill      XL: |  1  2  3  4 |
---------------+-------------+-----
Fighting       | 2 |  2.7
Polearms       | 3 |  3.1
Dodging        | 2 |  2.1
Maces & Flails | 1 |  1.6
Ranged Weapons | 1 |  1.5
Spellcasting   | |  2.7
Conjurations   | |  3.4

Action                     |  1- 3 |  4- 6 || total
---------------------------+-------+-------++-------
  Melee: Spear             |    24 |       ||    24
         Bite              |    17 |    18 ||    35
         Flail             |    39 |       ||    39
         Whip              |    40 |    79 ||   119
         Punch             |       |     1 ||     1
   Fire: Sling             |       |    19 ||    19
    Use: Scroll            |     5 |     1 ||     6
 Armour: Leather armour    |     1 |       ||     1
         Ring mail         |    48 |       ||    48
         Chain mail        |     5 |    65 ||    70
  Dodge: Dodged            |    67 |    35 ||   102
